 Dungeon Crawl Stone Soup version 0.20-a0-454-g2b43fbb (webtiles) character file.

16763 Gorice the Carver (level 12, 0/96 HPs)
             Began as a Demonspawn Arcane Marksman on Jan 8, 2017.
             Was a High Priest of Okawaru.
             Shot with an arrow by a centaur (6 damage)
             ... in a volcano.
             The game lasted 01:40:03 (19314 turns).

Gorice the Carver (Demonspawn Arcane Marksman)     Turns: 19314, Time: 01:40:04

Health: 0/96       AC: 14    Str: 14    XL:     12   Next: 12%
Magic:  0/13       EV: 13    Int: 16    God:    Okawaru [*****.]
Gold:   285        SH:  3    Dex: 16    Spells: 12/13 levels left

rFire  . . .     SeeInvis +     a - +1 scimitar
rCold  + + +     Gourm    .     l - +2 scale mail {rC+}
rNeg   . . .     Faith    .     (no shield)
rPois  .         Spirit   +     w - +3 crown of Dyrovepreva {rElec Int+2 SInv}
rElec  +         Reflect  +     (no cloak)
rCorr  .         Harm     .     D - +0 pair of gloves
MR     .....                    (no boots)
Stlth  ..........               E - +3 amulet of reflection
                                J - ring of see invisible
                                I - ring of protection from cold

@: exhausted, very slightly contaminated, hasted and slowed
A: claws 2, repulsion field 2, cold resistance 1, magic shield, freezing cloud
immunity
a: Heroism, Finesse, Renounce Religion


You were in a volcano.
You worshipped Okawaru.
Okawaru was extremely pleased with you.
You were hungry.

You visited 3 branches of the dungeon, and saw 13 of its levels.
You also visited: Sewer and Volcano.

You collected 557 gold pieces.
You spent 272 gold pieces at shops.

Inventory:

Hand Weapons
 a - a +1 scimitar (weapon)
 b - a +0 hunting sling
Missiles
 x - 88 sling bullets
 B - 4 javelins
 T - 3 tomahawks (quivered)
 Y - a throwing net
 Z - 514 stones
Armour
 l - a +2 scale mail of cold resistance (worn)
   (You took it off an orc priest on level 8 of the Dungeon)
 w - the +3 crown of Dyrovepreva (worn) {rElec Int+2 SInv}
   (Okawaru gifted it to you on level 11 of the Dungeon)

   It affects your intelligence (+2).
   It insulates you from electricity.
   It lets you see invisible.
 D - a +0 pair of gloves (worn)
 M - a +0 plate armour
Jewellery
 m - an uncursed amulet of faith {unknown}
 E - a +3 amulet of reflection (around neck)
 I - a ring of protection from cold (left hand)
 J - a ring of see invisible (right hand)
Wands
 c - a wand of digging (16/24)
 L - a wand of iceblast (2/15)
Scrolls
 i - 4 scrolls of teleportation {!r}
 j - 3 scrolls of magic mapping {!r}
 q - 7 scrolls of remove curse
 t - a scroll of fog
 O - 3 scrolls of fear {!r}
Potions
 e - 3 potions of might {!q}
 n - 7 potions of curing
 o - 3 potions of agility {!q}
 p - 2 potions of heal wounds {!q}
 r - a potion of invisibility {unknown}
 z - a potion of haste {!q}
 G - a potion of lignification {unknown}
 Q - a potion of berserk rage
 S - 2 potions of flight
Comestibles
 f - 9 bread rations {!e}
 h - 5 fruits


   Skills:
 - Level 9.4 Fighting
 + Level 12.3 Long Blades
 - Level 6.0 Throwing
 + Level 8.4 Armour
 - Level 1.7 Dodging
 - Level 1.0 Spellcasting
 - Level 3.0 Hexes
 - Level 2.0 Invocations


You had 12 spell levels left.
You knew the following spells:

 Your Spells              Type           Power        Failure   Level  Hunger
a - Corona                Hex            ##.....      24%         1    ##.....


Dungeon Overview and Level Annotations

Branches:
Dungeon (11/15)            Temple (1/1) D:4            Lair (1/6) D:11
    Orc (0/2) D:10

Altars:
Ashenzari
Cheibriados
Dithmenos
Elyvilon
Fedhas
Gozag
Hepliaklqana
Kikubaaqudgha
Makhleb
Nemelex Xobeh
Okawaru
Qazlal
Ru
Sif Muna
Trog
Uskayaw
Vehumet
Xom
Yredelemnul
Zin
The Shining One

Shops:
D:7 =   D:10 *(!

Annotations:
D:5 pUX: tough, 2h ogre, Pikel
D:8 Erica


Innate Abilities, Weirdness & Mutations

You have very sharp fingernails.
You are surrounded by a moderate repulsion field. (EV +3)
Your flesh is cold resistant. (rC+)
When hurt, damage is shared between your health and your magic reserves.
You are immune to freezing clouds.


Message History

Unknown command.
You hit the hell knight but do no damage.
The hell knight is lightly wounded.
The centaur barely misses you.
The hell knight hits you but does no damage.
Unknown command.
You hit the hell knight but do no damage.
The hell knight is lightly wounded.
You barely miss the hell knight.
The hell knight is lightly wounded.
The centaur hits you but does no damage.
Unknown command.
Unknown command.
You slice the hell knight!!
The hell knight is heavily wounded.
The centaur closely misses you. The hell knight completely misses you.
You slash the hell knight!
The hell knight is heavily wounded.
The centaur hits you but does no damage.
Unknown command.
You slash the hell knight!
The hell knight is almost dead.
The hell knight closely misses you.
The centaur hits you but does no damage.
You barely miss the hell knight.
The hell knight is almost dead.
The centaur closely misses you.
Unknown command.
Unknown command.
You slice the hell knight!!
You kill the hell knight!
Okawaru accepts your kill.
Unknown command.
The centaur hits you.
* * * LOW HITPOINT WARNING * * *
Things that are here:
a flail of flaming; a chain mail of fire resistance; a human corpse Damage: 4 (max 22) Unknown command.
You feel a strong urge to attack something.
The centaur wields an uncursed shortbow of flaming.
It bursts into flame!
The centaur shoots an arrow.
The arrow hits you!
* * * LOW HITPOINT WARNING * * *
The arrow burns you.
* * * LOW HITPOINT WARNING * * *
You see here an arrow.
You are no longer berserk.
You are exhausted.
You feel yourself slow down.
The centaur shoots an arrow.
The arrow hits you!
You die...

≈§§§§§≈≈§.§#
≈§≈≈§≈§≈≈§§≈§≈..#
.≈§§§§≈§≈≈≈≈§≈..#
..≈≈§§§§≈≈≈≈§...#
..§§§§≈≈≈≈≈.....#
..§§§§≈≈≈......##
#.§.§≈≈≈.......#
#....≈≈c......##
#......)(@(..#
#......###8)8#
###....(###.##
#...(## #(#
###### #'# #(#
#.. #c. #§..


You could see a centaur.

Vanquished Creatures
  Harold (D:11)
  4 two-headed ogres
  A hell knight (Volcano)
  An unseen horror (D:10)
  2 ugly things
  A gargoyle (D:10)
  Grinder (D:3)
  3 hippogriffs
  A hornet (D:11)
  3 hogs (D:6)
  A shadow (D:8)
  Sigmund (D:5)
  A wraith (D:11)
  Eustachio (D:5)
  7 fire bats (Volcano)
  9 yaks
  A human (D:6)
  An acid dragon (D:11)
  A water moccasin (D:7)
  5 orc warriors
  A porcupine (Lair:1)
  4 ice beasts
  2 phantoms
  4 sky beasts
  2 black bears
  A necrophage (D:10)
  4 ogres
  6 centaurs
  2 big kobolds
  8 bullfrogs
  A wyvern zombie (D:6)
  2 scorpions
  7 wights
  3 electric eels (D:11)
  7 howler monkeys
  4 centaur zombies
  5 lava snakes (Volcano)
  3 crimson imps
  3 jellies
  2 quasits
  10 hounds
  2 bullfrog skeletons
  8 orc priests
  16 orc wizards
  2 centaur skeletons
  An iguana (D:9)
  6 worker ants
  A killer bee zombie (D:6)
  A hound zombie (D:5)
  A worker ant zombie (D:8)
  13 adders
  8 shadow imps
  An adder skeleton (D:5)
  3 adder zombies
  5 worms
  3 dart slugs
  5 leopard geckos
  29 orcs
  5 giant cockroaches
  9 goblins
  9 hobgoblins
  6 jackals
  21 kobolds
  7 quokkas
  10 ball pythons
  6 bats
  6 frilled lizards
  2 leopard gecko skeletons
  A quokka skeleton (D:8)
  A quokka zombie (D:8)
  5 rats
  3 plants (Sewer)
323 creatures vanquished.

Vanquished Creatures (others)
  A centaur (Volcano)
1 creature vanquished.

Grand Total: 324 creatures vanquished

Notes
Turn   | Place    | Note
-------+----------+-------------------------------------------
     0 | D:1      | Gorice the Demonspawn Arcane Marksman began the quest for the Orb.
     0 | D:1      | Reached XP level 1. HP: 15/15 MP: 2/2
    28 | D:1      | Reached skill level 2 in Throwing
   200 | D:1      | Gained mutation: You are surrounded by a mild repulsion field. (EV +2) [demonic ancestry]
   200 | D:1      | Reached XP level 2. HP: 21/21 MP: 1/3
   832 | D:1      | Reached skill level 2 in Fighting
  1079 | D:2      | Gained mutation: Your flesh is cold resistant. (rC+) [demonic ancestry]
  1079 | D:2      | Reached XP level 3. HP: 27/27 MP: 1/4
  1243 | D:2      | Found a deep blue altar of Sif Muna.
  1373 | D:2      | Reached skill level 3 in Throwing
  1562 | D:2      | Found a shimmering altar of Xom.
  1564 | D:2      | Found a sparkling altar of Nemelex Xobeh.
  1564 | D:2      | Found a basalt altar of Yredelemnul.
  1566 | D:2      | Found an iron altar of Okawaru.
  1566 | D:2      | Found a hazy altar of Hepliaklqana.
  1566 | D:2      | Found a shattered altar of Ashenzari.
  1583 | D:2      | Gained mutation: You have sharp fingernails. [demonic ancestry]
  1583 | D:2      | Reached XP level 4. HP: 15/34 MP: 0/5
  1595 | D:2      | HP: 10/34 [poisoned by an adder]
  1603 | D:2      | HP: 9/34 [poisoned by an adder]
  2189 | D:3      | Reached skill level 3 in Fighting
  2290 | D:3      | Found a basalt altar of Yredelemnul.
  2484 | D:3      | Noticed a fire elemental
  2485 | D:3      | Noticed Grinder
  2488 | D:3      | Found a stormy altar of Qazlal.
  2503 | D:3      | Killed Grinder
  2503 | D:3      | Reached skill level 4 in Fighting
  2503 | D:3      | Reached skill level 4 in Throwing
  2503 | D:3      | Gained mutation: You are surrounded by a moderate repulsion field. (EV +3) [demonic ancestry]
  2503 | D:3      | Reached XP level 5. HP: 27/43 MP: 4/6
  2503 | D:3      | Reached XP level 6. HP: 31/49 MP: 4/7
  2586 | D:3      | Noticed an air elemental
  2586 | D:3      | Noticed a water elemental
  2900 | D:4      | Found a staircase to the Ecumenical Temple.
  2910 | Temple   | Entered the Ecumenical Temple
  3100 | Temple   | HP: 13/49 [something (4)]
  3107 | Temple   | HP: 10/49 [orc wizard/dagger (4)]
  3508 | D:4      | Reached skill level 5 in Fighting
  3508 | D:4      | Reached skill level 5 in Throwing
  3793 | D:4      | Gained mutation: When hurt, damage is shared between your health and your magic reserves. [demonic ancestry]
  3793 | D:4      | Reached XP level 7. HP: 56/56 MP: 6/8
  4246 | D:5      | Entered Level 5 of the Dungeon
  4493 | D:5      | Noticed Eustachio
  4639 | D:5      | HP: 16/57 [quokka[Eustachio] (3)]
  4653 | D:5      | Killed Eustachio
  4653 | D:5      | Reached skill level 6 in Fighting
  4653 | D:5      | Reached skill level 6 in Throwing
  4909 | D:5      | Reached skill level 1 in Long Blades
  4937 | D:5      | Reached XP level 8. HP: 38/65 MP: 2/9
  5079 | D:5      | Reached skill level 2 in Long Blades
  5190 | D:5      | Found an iron altar of Okawaru.
  5213 | D:5      | Became a worshipper of Warmaster Okawaru
  5289 | D:5      | Reached skill level 3 in Long Blades
  5593 | D:5      | Noticed a two-headed ogre
  6199 | D:5      | Noticed Sigmund
  6235 | D:5      | Killed Sigmund
  6235 | D:5      | Reached skill level 7 in Fighting
  6235 | D:5      | Reached skill level 4 in Long Blades
  6309 | D:5      | Noticed Pikel
  6619 | D:6      | Found a glowing drain.
  6699 | Sewer    | Entered a sewer
  7609 | D:6      | Found a radiant altar of Vehumet.
  7808 | D:6      | Reached skill level 5 in Long Blades
  8365 | D:7      | Reached * piety under Okawaru
  8370 | D:7      | Reached XP level 9. HP: 53/72 MP: 5/10
  8439 | D:7      | Found a shadowy altar of Dithmenos.
  8643 | D:7      | Reached skill level 6 in Long Blades
  8879 | D:7      | Found Guwnetei's Jewellery Emporium.
  9036 | D:6      | HP: 15/74 [hog (8)]
  9049 | D:6      | HP: 11/74 [hog (5)]
  9349 | D:6      | Reached skill level 8 in Fighting
  9360 | D:6      | HP: 21/74 [hog (5)]
  9370 | D:6      | HP: 21/74 [hog (3)]
  9375 | D:6      | HP: 16/74 [hog (5)]
  9381 | D:6      | HP: 2/74 [hog (7)]
  9398 | D:6      | HP: 20/74 [hog (4)]
  9404 | D:6      | Reached skill level 7 in Long Blades
  9879 | D:7      | HP: 20/75 [orc wizard/magic dart (7)]
 10466 | D:8      | Reached ** piety under Okawaru
 10958 | D:8      | Reached skill level 8 in Long Blades
 10965 | D:8      | Noticed a purple ugly thing
 10983 | D:8      | Killed a purple ugly thing
 10983 | D:8      | Reached skill level 9 in Fighting
 10983 | D:8      | Gained mutation: You are immune to freezing clouds. [demonic ancestry]
 10983 | D:8      | Reached XP level 10. HP: 33/83 MP: 3/11
 11555 | D:8      | Noticed Erica
 11697 | D:8      | Reached skill level 9 in Long Blades
 11753 | D:8      | HP: 16/83 [orc priest/divine providence (12)]
 12802 | D:9      | Reached skill level 1 in Armour
 12802 | D:9      | Reached skill level 1 in Invocations
 12840 | D:9      | Found an iron altar of Okawaru.
 12840 | D:9      | Found a bloodstained altar of Trog.
 12847 | D:9      | Reached *** piety under Okawaru
 12974 | D:9      | Reached skill level 2 in Invocations
 13351 | D:9      | Reached skill level 2 in Armour
 13603 | D:10     | Entered Level 10 of the Dungeon
 13608 | D:10     | Found Tuthicie's Weapon Shoppe.
 13622 | D:10     | Found a runed door.
 13835 | D:10     | Found a staircase to the Orcish Mines.
 14076 | D:10     | Found Doess's Distillery.
 14092 | D:10     | Noticed an unseen horror
 14096 | D:10     | Killed an unseen horror
 14096 | D:10     | Reached **** piety under Okawaru
 14096 | D:10     | Reached skill level 10 in Long Blades
 14096 | D:10     | Reached skill level 3 in Armour
 14123 | D:10     | Found Raeso's General Store.
 14499 | D:10     | Reached skill level 4 in Armour
 14782 | D:10     | Noticed a two-headed ogre
 14789 | D:10     | Killed a two-headed ogre
 14789 | D:10     | Reached XP level 11. HP: 89/89 MP: 9/12
 14849 | D:10     | Bought an uncursed ring of see invisible for 240 gold pieces
 14849 | D:10     | Bought a scroll of identify for 32 gold pieces
 15093 | D:10     | Reached skill level 5 in Armour
 15295 | D:10     | Reached ***** piety under Okawaru
 16194 | D:10     | Noticed a red ugly thing
 16742 | D:9      | Killed a white ugly thing
 16742 | D:9      | Reached skill level 11 in Long Blades
 16742 | D:9      | Reached skill level 6 in Armour
 16826 | D:11     | Paralysed by a hornet for 3 turns
 16854 | D:11     | Found a staircase to the Lair.
 16913 | D:11     | Noticed a two-headed ogre
 16933 | D:11     | Killed a two-headed ogre
 16933 | D:11     | Received a gift from Okawaru
 17324 | D:11     | Noticed a brown ugly thing
 17693 | D:11     | Noticed Harold
 17715 | D:11     | Killed Harold
 17715 | D:11     | Reached skill level 7 in Armour
 17760 | D:11     | Noticed a two-headed ogre
 17774 | D:11     | Killed a two-headed ogre
 18056 | D:11     | Noticed a two-headed ogre
 18185 | D:11     | HP: 26/89 [two-headed ogre/giant club (19)]
 18190 | D:11     | Killed a two-headed ogre
 18491 | D:11     | Reached skill level 12 in Long Blades
 18742 | Lair:1   | Entered Level 1 of the Lair of Beasts
 18850 | Lair:1   | Found a dark tunnel.
 18922 | Volcano  | Entered a volcano
 18947 | Volcano  | Reached skill level 8 in Armour
 18959 | Volcano  | Gained mutation: You have very sharp fingernails. [demonic ancestry]
 18959 | Volcano  | Reached XP level 12. HP: 78/96 MP: 10/13
 19282 | Volcano  | HP: 25/96 [lava snake/glob of lava (6)]
 19301 | Volcano  | HP: 42/144 [hell knight/flail of flaming (5)]
 19302 | Volcano  | HP: 20/144 [hell knight/flail of flaming (7)]
 19312 | Volcano  | HP: 17/144 [centaur (5)]
 19313 | Volcano  | HP: 8/144 [centaur/arrow (1)]
 19314 | Volcano  | Shot with an arrow by a centaur

Vault maps used:
D:1:      erik_arrival_cave_to_civilisation, roderic_malta_cross
D:2:      nicolae_overflow_hidden_temple, doesnt_xom_only_xom
D:3:      old_standard_altar, nicolae_qazlal_style_of_elements, uniq_grinder
D:4:      first_bread, roderic_ancient_swastika
D:5:      serial_shops, shop, minmay_misc_feat_nine_boxes, supply_closet_lemuel,
          corexii_item_surrounded_by_moat, kennysheep_okawaru_gauntlet,
          uniq_pikel, uniq_eustachio, uniq_sigmund
D:6:      basic_altar, portal_sewer_entry_a
D:7:      kennysheep_mini, serial_shops, nicolae_shop_statue_plus,
          serial_co_window_serial, co_window_corner_a, co_window_paths_b,
          co_window_corner_a, co_window_corner_a, co_window_corner_a,
          co_window_corner_a, co_window_paths_b, co_window_paths_b,
          co_window_corner_a, co_window_broadway_a, co_window_2corner,
          co_window_corner_b, glass_columns_a, grunt_livestock
D:8:      minmay_bloctagon, minmay_holes, uniq_erica
D:9:      grunt_temple_overflow_bloody_war
D:10:     david_orc_2, serial_shops, shop, nicolae_shop_behind_doors,
          nicolae_shop_window_shopping, minmay_st_funbox
D:11:     lair_entry_dummy, chequers_big_river, uniq_harold
Temple:   nicolae_temple_elliptical
Lair:1:   lightli_volcano_entry_magma_tube, serial_bayou_pond_a,
          serial_bayou_shore_a
Sewer:    sewer_co_scattered_pipes
Volcano:  volcano_grotto

Skill      XL: |  1  2  3  4  5  6  7  8  9 10 11 |
---------------+----------------------------------+-----
Throwing       | 2 3 4 5 6 |  6.0
Fighting       | 2 4 5 6 7 9 |  9.4
Long Blades    | 1 5 8 10 12 | 12.3
Armour         | 4 8 |  8.4
Invocations    | 2 |  2.0
Dodging        | |  1.7
Spellcasting   | |  1.0
Hexes          | |  3.0

Action                   |  1- 3 |  4- 6 |  7- 9 | 10-12 || total
-------------------------+-------+-------+-------+-------++-------
Melee: Unarmed           |    25 |       |       |       ||    25
       Whip              |    74 |   159 |       |       ||   233
       War axe           |       |     5 |   115 |       ||   120
       Falchion          |       |       |   583 |       ||   583
       Scimitar          |       |       |    64 |   748 ||   812
       Punch             |       |       |     2 |     1 ||     3
 Fire: Hunting sling     |       |    23 |    99 |    61 ||   183
Throw: Javelin           |    29 |    12 |     9 |     8 ||    58
       Stone             |     3 |       |       |       ||     3
       Throwing net      |       |     1 |     2 |       ||     3
       Tomahawk          |       |       |     2 |    41 ||    43
 Cast: Corona            |    34 |    34 |    94 |    29 ||   191
Invok: Heroism           |       |       |     8 |    17 ||    25
Evoke: Wand              |       |       |       |     7 ||     7
  Use: Scroll            |     5 |     5 |     5 |    10 ||    25
       Potion            |       |       |     4 |     4 ||     8
 Stab: Held in net/web   |       |       |     1 |       ||     1
       Distracted        |       |       |       |     1 ||     1
  Eat: Chunk             |     3 |     9 |    25 |    23 ||    60
       Pizza             |       |       |     1 |     4 ||     5
       Fruit             |       |       |     1 |       ||     1
       Beef jerky        |       |       |     1 |       ||     1
Armor: Ring mail         |    25 |    59 |   206 |    14 ||   304
       Robe              |     8 |       |       |       ||     8
       Scale mail        |       |       |       |   250 ||   250
       Plate armour      |       |       |       |     3 ||     3
Dodge: Dodged            |    94 |   143 |   485 |   471 ||  1193
Block: Other             |       |       |    38 |    76 ||   114
       Reflection        |       |       |       |     4 ||     4
       Rpst.: Falchion   |       |       |    90 |       ||    90
       Scimitar          |       |       |     9 |   121 ||   130

Table legend:
 A = Turns spent in this place as a percentage of turns spent in the entire game.
 B = Non-inter-level travel turns spent in this place as a percentage of non-inter-level travel turns spent in the entire game.
 C = Inter-level travel turns spent in this place as a percentage of turns spent in this place.
 D = Turns resting spent in this place as a percentage of non-inter-level travel turns spent in this place.
 E = Turns spent auto-exploring this place as a percentage of non-inter-level travel turns spent in this place.
 F = Non-inter-level travel turns spent in this place divided by the number of levels of this place that you've seen.
                   A       B       C       D       E      F
               +-------+-------+-------+-------+-------+----------------------
         Total | 100.0 | 100.0 |   0.6 |   3.5 |   4.0 | 451.3
       Dungeon |  85.8 |  85.7 |   0.7 |   3.6 |   4.2 | 527.3
        Temple |   1.4 |   1.3 |   1.1 |   8.8 |  18.7 |  91.0
          Lair |   1.5 |   1.5 |   0.0 |   2.9 |   0.0 | 103.0
         Sewer |   8.4 |   8.5 |   0.0 |   0.0 |   1.2 | 572.0
       Volcano |   3.0 |   3.0 |   0.0 |   8.4 |   0.0 | 203.0
               +-------+-------+-------+-------+-------+----------------------

Vault maps used:
D:1:      erik_arrival_cave_to_civilisation, roderic_malta_cross
D:2:      nicolae_overflow_hidden_temple, doesnt_xom_only_xom
D:3:      old_standard_altar, nicolae_qazlal_style_of_elements, uniq_grinder
D:4:      first_bread, roderic_ancient_swastika
D:5:      serial_shops, shop, minmay_misc_feat_nine_boxes, supply_closet_lemuel,
          corexii_item_surrounded_by_moat, kennysheep_okawaru_gauntlet,
          uniq_pikel, uniq_eustachio, uniq_sigmund
D:6:      basic_altar, portal_sewer_entry_a
D:7:      kennysheep_mini, serial_shops, nicolae_shop_statue_plus,
          serial_co_window_serial, co_window_corner_a, co_window_paths_b,
          co_window_corner_a, co_window_corner_a, co_window_corner_a,
          co_window_corner_a, co_window_paths_b, co_window_paths_b,
          co_window_corner_a, co_window_broadway_a, co_window_2corner,
          co_window_corner_b, glass_columns_a, grunt_livestock
D:8:      minmay_bloctagon, minmay_holes, uniq_erica
D:9:      grunt_temple_overflow_bloody_war
D:10:     david_orc_2, serial_shops, shop, nicolae_shop_behind_doors,
          nicolae_shop_window_shopping, minmay_st_funbox
D:11:     lair_entry_dummy, chequers_big_river, uniq_harold
Temple:   nicolae_temple_elliptical
Lair:1:   lightli_volcano_entry_magma_tube, serial_bayou_pond_a,
          serial_bayou_shore_a
Sewer:    sewer_co_scattered_pipes
Volcano:  volcano_grotto
